 Dungeon Crawl Stone Soup version 0.30.0-13-g156ef70053 (webtiles) character file.

Game seed: 13280944449601658904

10515 domi the Severer (level 11, -10/91 HPs)
             Began as a Hill Orc Monk on May 17, 2023.
             Was an Elder of Beogh.
             Mangled by an ogre
             ... wielding a +0 giant club
             ... led by Lodul
              (24 damage)
             ... on level 10 of the Dungeon.
             The game lasted 00:17:35 (10309 turns).

domi the Severer (Hill Orc Monk)                   Turns: 10309, Time: 00:17:36

Health: -10/91     AC: 14    Str: 25    XL:     11   Next: 63%
Magic:  17/18      EV: 12    Int: 10    God:    Beogh [****..]
Gold:   702        SH:  0    Dex: 19    Spells: 10/10 levels left

rFire   . . .        g - +1 broad axe
rCold   . . .        d - orb {light}
rNeg    . . .        e - +3 ring mail
rPois   .            v - +0 helmet
rElec   .            A - +0 cloak
rCorr   .            j - +0 pair of gloves
SInv    .            (no boots)
Will    .....        h - amulet of magic regeneration
Stlth   +            D - +6 ring of strength
HPRegen 0.35/turn    p - +6 ring of dexterity
MPRegen 0.56/turn

%: no passive effects
@: glowing
A: no striking features
a: Renounce Religion, Smiting, Recall Orcish Followers


You were on level 10 of the Dungeon.
You worshipped Beogh.
Beogh was greatly pleased with you.
You visited 1 branch of the dungeon, and saw 10 of its levels.
You also visited: Bailey.

You collected 702 gold pieces.

Inventory:

Hand Weapons
 g - a +1 broad axe (weapon)
   (You took it off a vault guard in a bailey)
 n - a +1 war axe
   (You took it off a kobold on level 2 of the Dungeon)
Missiles
 B - 3 boomerangs
 N - 4 curare-tipped darts (quivered) {=f}
Armour
 d - an orb of light (worn)
 e - a +3 ring mail (worn)
   (You found it on level 1 of the Dungeon)
 j - a +0 pair of gloves (worn)
   (You found it on level 4 of the Dungeon)
 v - a +0 helmet (worn)
   (You found it on level 3 of the Dungeon)
 x - the +0 cloak "Napn" {rF- rCorr Int+8}
   (You found it on level 4 of the Dungeon)

   Int:       It affects your intelligence (+8).
   rF:        It makes you vulnerable to fire.
   rCorr:     It protects you from acid and corrosion.
 A - a +0 cloak (worn)
   (You found it on level 5 of the Dungeon)
 C - the +3 leather armour of Ural Gab {+Blink Regen+ Int-2 Stlth-}
   (You found it on level 5 of the Dungeon)

   Int:       It affects your intelligence (-2).
   +Blink:    It lets you blink.
   Regen:     It increases your rate of health regeneration.
   Stlth:     It makes you less stealthy.
Jewellery
 a - a ring of magical power {MP+9}
   (You found it on level 2 of the Dungeon)
 h - an amulet of magic regeneration (around neck)
   (You found it on level 4 of the Dungeon)
 p - a +6 ring of dexterity (right hand)
   (You found it on level 2 of the Dungeon)
 z - a ring of resist corrosion
   (You found it on level 7 of the Dungeon)
 D - a +6 ring of strength (left hand)
   (You found it on level 6 of the Dungeon)
Wands
 l - a wand of polymorph (14)
   (You took it off Dowan on level 4 of the Dungeon)
 E - a wand of digging (5)
   (You took it off Maurice on level 8 of the Dungeon)
 I - a wand of roots (2)
   (You found it on level 8 of the Dungeon)
Scrolls
 m - 3 scrolls of magic mapping {!r}
 s - 4 scrolls of vulnerability {!r!r}
 w - 2 scrolls of fear
 y - 2 scrolls of teleportation {@r4}
 G - a scroll of fog
 J - a scroll of blinking
 M - a scroll of enchant weapon
 O - a scroll of torment {!r}
 P - a scroll of butterflies
Potions
 c - a potion of ambrosia {!q}
 f - a potion of resistance
 i - a potion of curing {@q1}
 k - 2 potions of heal wounds {@q2}
 o - a potion of attraction {unknown}
 q - a potion of brilliance {unknown}
 r - 10 potions of degeneration {!q}
 t - a potion of mutation {!q!q}
 u - 4 potions of might
 F - 2 potions of cancellation
 H - a potion of invisibility
 K - a potion of haste {@q3}
 L - a potion of flight


   Skills:
 + Level 6.8 Fighting
 + Level 16.6 Axes
 + Level 10.2 Armour
 - Level 2.4 Dodging
 + Level 9.5 Invocations


You had 10 spell levels left.
You didn't know any spells.
Your spell library contained the following spells:

 Spells                   Type           Power      Damage    Failure   Level
 Apportation              Tloc           0%         N/A       47%         1
 Kiss of Death            Conj/Necr      0%         2d5       47%         1
 Magic Dart               Conj           0%         1d3       47%         1
 Call Imp                 Summ           0%         N/A       63%         2
 Static Discharge         Conj/Air       0%         2-2/arc   63%         2
 Confusing Touch          Hex            0%         N/A       85%         3
 Dazzling Flash           Conj/Hex       0%         N/A       85%         3
 Mephitic Cloud           Conj/Pois/Air  0%         N/A       85%         3
 Summon Guardian Golem    Hex/Summ       0%         N/A       85%         3
 Volatile Blastmotes      Fire/Tloc      0%         2d10      85%         3
 Airstrike                Air            0%         2d(0-16)  99%         4
 Dispel Undead            Necr           0%         3d6       99%         4
 Fulminant Prism          Conj/Hex       0%         3d5       99%         4
 Iskenderun's Mystic Bla  Conj/Tloc      0%         2d3       99%         4
 Summon Lightning Spire   Summ/Air       0%         N/A       99%         4
 Agony                    Necr           0%         N/A       100%        5
 Alistair's Intoxication  Tmut/Pois      0%         N/A       100%        5
 Lee's Rapid Deconstruct  Erth           0%         3d4*      100%        5
 Silence                  Hex/Air        0%         N/A       100%        5
 Simulacrum               Ice/Necr       0%         N/A       100%        6
 Orb of Destruction       Conj           0%         9d5       100%        7
 Ozocubu's Refrigeration  Ice            0%         4d7       100%        7
 Spellforged Servitor     Conj/Summ      0%         N/A       100%        7
 Polar Vortex             Ice            0%         N/A       100%        9


Dungeon Overview and Level Annotations

Branches:
Dungeon (10/15)            Temple (0/1) D:7             Orc (0/2) D:9
 Bailey (visited)
   Lair: D:8-11

Altars:
Hepliaklqana
Wu Jian

Shops:
D:3 (

Annotations:
D:7 2 runed translucent doors, Irreverend's ghost, novice TrFi


Message History

You now have 702 gold pieces (gained 17).
A centaur comes into view.
The centaur shouts!
The centaur wields a +0 shortbow.
The centaur shoots an arrow.
The arrow barely misses you.
A centaur is nearby!
A centaur is nearby!
A centaur is nearby!
The centaur shoots an arrow.
The arrow hits you but does no damage.
The centaur shoots an arrow.
The arrow hits you!
The centaur shoots an arrow.
The arrow hits you but does no damage.
Your orc knight roars a battlecry!
Your orc warriors go into a battle-frenzy!
You see here a book of Storms.
The centaur shoots an arrow.
The arrow misses you. The arrow hits your orc knight!
You slice the centaur!!
You kill the centaur!
Beogh accepts your kill.
No target in view!
No target in view!
Your orc warrior no longer looks unusually strong.
Your orc warrior no longer looks unusually strong.
You swap places.
You pick up a book of Storms and begin reading...
You add the spells Static Discharge, Airstrike and Summon Lightning Spire to your library.
You swap places.
Things that are here:
a +0 shortbow; a centaur corpse
m - 3 scrolls of magic mapping {!r} (gained 1)
You see here a scroll of immolation {!r!r}.
Lodul and 4 ogres come into view.
Lodul is wielding a +0 dire flail and carrying a wand of flame (12).
Lodul shouts!
The ogre shouts! x4
Electricity crackles from Lodul's apparatus.
The bolt of lightning hits you!
There are monsters nearby!
There are monsters nearby!
There are monsters nearby!
There are monsters nearby! 2 ogres come into view.
The ogre shouts! x2
The ogre barely misses you.
You completely miss the ogre. You hit the ogre. The ogre barely misses you.
Electricity crackles from Lodul's apparatus.
The bolt of lightning hits you!!
You are too injured to fight recklessly!
You are too injured to fight recklessly!
You are too injured to fight recklessly!
Unknown command.
You are too injured to fight recklessly!
You slash the ogre! You hit the ogre.
You slash the ogre! x2; You completely miss the ogre.
Your orc knight hits the ogre with a +0 mace!
The ogre dies!
Beogh accepts your kill.
The ogre hits you with a +0 giant spiked club!
You slash the ogre! x2; The ogre misses you.
You slash the ogre!
You kill the ogre!
Beogh accepts your kill.
Your orc warrior looks more experienced.
You slash the ogre!
You kill the ogre!
Beogh accepts your kill.
Lodul drinks a potion.
Lodul seems to speed up.
Your orc knight roars a battlecry!
Your orc warriors go into a battle-frenzy!
Press: ? - help, Dir - move target, f - Lodul Smite: Lodul, wielding a +0 dire flail and carrying a wand of flame (12) (fast, ally target, haloed)
You smite Lodul!!
The ogre closely misses your orc knight.
Your orc knight hits the ogre with a +0 mace!
You slash Lodul! You slash the ogre!
Lodul zaps a wand.
The puff of flame hits you.
Lodul hits your orc knight with a +0 dire flail!!
You hit Lodul but do no damage. You slash the ogre!
Your orc knight hits Lodul with a +0 mace!
The ogre barely misses your orc knight.
You slice Lodul!! You hit the ogre. Lodul hits you with a +0 dire flail.
* * * LOW HITPOINT WARNING * * *
Your orc knight hits Lodul with a +0 mace!
Lodul dies!
Beogh accepts your kill.
Your orc knight looks more experienced.
You hit the ogre.
The ogre hits you with a +0 giant spiked club!
* * * LOW HITPOINT WARNING * * *
Your orc knight hits the ogre with a +0 mace.
The ogre dies!
Beogh accepts your kill.
You slash the ogre! The ogre completely misses you.
Your orc knight hits the ogre with a +0 mace!!
The ogre dies!
Beogh accepts your kill.
You hit the ogre but do no damage.
The ogre hits you with a +0 giant club!!
You die...

#......))..#
#......)...# .#
#...<......# .###
###..........# ...
...<.........####.#
####..............#
#..............#
#..####.?....oo#
#..# #..####@o#
#.o# #..# #O)# #..#
#..# #..# #..# #..#
#..# #..# #^.# #..#
#..# #..# #..# #..#
#.=# #..# #..# #..#
#..#


You could see an ogre (ally target), a friendly orc knight and 2 friendly orc
warriors.

Vanquished Creatures
  A vault guard (Bailey)
  2 two-headed ogres
  A slime creature (D:8)
  Maurice (D:8)
  Joseph (D:9)
  A torpor snail (Bailey)
  Grinder (D:4)
  A hornet (D:9)
  Prince Ribbit (Bailey)
  2 yaks (D:9)
  4 humans (Bailey)
  4 wyverns
  Menkaure (D:7)
  2 water moccasins
  Duvessa (D:4)
  An ice beast (D:7)
  An orc warrior (D:9)
  4 ogres
  A swamp drake (D:8)
  4 centaurs
  3 wolves (D:8)
  4 kobold brigands
  A phantom (D:4)
  6 bullfrogs
  2 scorpions (D:5)
  5 wights (D:7)
  Dowan (D:4)
  8 killer bees
  2 howler monkeys (D:8)
  7 hounds
  3 jellies
  2 gnoll boudas
  2 orc priests (D:9)
  A sleepcap (D:7)
  Natasha (thrice) (D:4)
  3 iguanas
  4 orc wizards
  13 gnolls
  6 adders
  A shadow imp (D:4)
  An ufetubus (D:5)
  3 dart slugs
  13 orcs
  8 endoplasms
  4 giant cockroaches
  11 goblins
  8 hobgoblins
  3 jackals (D:2)
  19 kobolds
  4 quokkas
  8 ball pythons
  6 bats
  3 frilled lizards
  7 rats
210 creatures vanquished.

Vanquished Creatures (collateral kills)
  Lodul (D:10)
  4 yaks (D:9)
  A water moccasin (D:9)
  A sky beast (D:7)
  A swamp drake (D:9)
  3 ogres (D:10)
  A gnoll sergeant (D:10)
  A wight (D:7)
  2 killer bees
  A howler monkey (D:8)
  2 orc priests
  3 orc wizards (D:9)
  3 gnolls (D:10)
  A shadow imp (D:7)
  6 orcs
  A kobold (D:9)
32 creatures vanquished.

Vanquished Creatures (others)
  2 orc warriors
  An orc priest (D:7)
  A wolf (D:8)
  A hound (D:6)
  2 orc wizards (D:9)
  8 orcs (D:9)
15 creatures vanquished.

Grand Total: 257 creatures vanquished

Notes
Turn   | Place    | Note
-------+----------+-------------------------------------------
     0 | D:1      | domi the Hill Orc Monk began the quest for the Orb.
     0 | D:1      | Reached XP level 1. HP: 19/19 MP: 1/1
   216 | D:1      | Reached XP level 2. HP: 26/26 MP: 2/2
   264 | D:1      | Reached skill level 1 in Armour
   670 | D:2      | Reached skill level 5 in Axes
   678 | D:2      | Reached XP level 3. HP: 31/31 MP: 3/3
  1028 | D:2      | Found a hazy altar of Hepliaklqana.
  1182 | D:2      | Reached skill level 2 in Armour
  1217 | D:2      | Reached XP level 4. HP: 35/39 MP: 4/4
  1803 | D:3      | Found Xuviuryd's Weapon Shoppe.
  1862 | D:3      | Found a faded altar of an unknown god.
  2043 | D:3      | Reached skill level 6 in Axes
  2327 | D:4      | Identified the +0 cloak "Napn" {rF- rCorr Int+8}
  2548 | D:4      | Noticed Natasha
  2552 | D:4      | Killed Natasha
  2553 | D:4      | Reached XP level 5. HP: 41/45 MP: 5/5
  2577 | D:4      | Found an ornate altar of the Wu Jian Council.
  2615 | D:4      | Noticed Grinder
  2617 | D:4      | Paralysed by Grinder for 3 turns
  2617 | D:4      | Noticed Natasha
  2623 | D:4      | Paralysed by Grinder for 5 turns
  2633 | D:4      | Killed Natasha
  2644 | D:4      | Killed Grinder
  2645 | D:4      | Reached skill level 8 in Axes
  2645 | D:4      | Reached skill level 3 in Armour
  2645 | D:4      | Reached XP level 6. HP: 51/51 MP: 6/6
  2919 | D:4      | Noticed Duvessa
  2919 | D:4      | Noticed Dowan
  2938 | D:4      | Killed Duvessa
  2938 | D:4      | Killed Dowan
  2939 | D:4      | Reached skill level 4 in Armour
  2939 | D:4      | Reached XP level 7. HP: 57/57 MP: 7/7
  3149 | D:4      | Noticed Natasha
  3152 | D:4      | Killed Natasha
  3153 | D:4      | Reached skill level 9 in Axes
  3586 | D:5      | Entered Level 5 of the Dungeon
  3968 | D:5      | Reached skill level 5 in Armour
  4087 | D:5      | Reached skill level 10 in Axes
  4188 | D:5      | Reached XP level 8. HP: 64/64 MP: 8/8
  4508 | D:5      | Identified the +3 leather armour of Ural Gab {+Blink Regen+
                  | Int-2 Stlth-}
  4769 | D:6      | Noticed a wyvern
  4774 | D:6      | Killed a wyvern
  4775 | D:6      | Reached skill level 11 in Axes
  4787 | D:6      | Reached skill level 6 in Armour
  4976 | D:6      | Became a worshipper of Beogh the Brigand
  4976 | D:6      | Reached * piety under Beogh
  4976 | D:6      | Reached ** piety under Beogh
  5041 | D:6      | Reached skill level 1 in Invocations
  5361 | D:6      | Reached skill level 12 in Axes
  5565 | D:7      | Reached skill level 2 in Invocations
  5571 | D:7      | Reached XP level 9. HP: 70/70 MP: 10/10
  5601 | D:7      | Reached skill level 3 in Invocations
  5605 | D:7      | Reached skill level 7 in Armour
  5621 | D:7      | Found a flagged portal.
  5638 | Bailey   | Entered a bailey
  5702 | Bailey   | Reached skill level 13 in Axes
  5710 | Bailey   | Reached skill level 4 in Invocations
  5718 | Bailey   | Reached *** piety under Beogh
  5888 | Bailey   | Reached skill level 5 in Invocations
  5902 | Bailey   | Noticed Prince Ribbit
  5902 | Bailey   | Noticed a vault guard
  5905 | Bailey   | Killed Prince Ribbit
  5910 | Bailey   | Killed a vault guard
  5911 | Bailey   | Reached skill level 14 in Axes
  5911 | Bailey   | Reached skill level 8 in Armour
  5911 | Bailey   | Reached skill level 6 in Invocations
  5911 | Bailey   | Reached XP level 10. HP: 51/77 MP: 12/14
  6026 | Bailey   | Noticed a vault guard
  6304 | Bailey   | a vault guard changed into a torpor snail
  6304 | Bailey   | Noticed a torpor snail
  6310 | Bailey   | Killed a torpor snail
  6444 | D:7      | Noticed a two-headed ogre
  6448 | D:7      | Killed a two-headed ogre
  6449 | D:7      | Reached skill level 15 in Axes
  6606 | D:7      | Reached skill level 7 in Invocations
  6627 | D:7      | Noticed Menkaure
  6634 | D:7      | Killed Menkaure
  7007 | D:7      | Found a staircase to the Ecumenical Temple.
  7052 | D:7      | Found a large runed translucent door.
  7053 | D:7      | Found a large runed translucent door.
  7054 | D:7      | Noticed Irreverend's ghost (novice TrFi)
  7281 | D:8      | Noticed Grum
  7293 | D:8      | Grum changed into Grum the swamp drake
  7293 | D:8      | Noticed Grum
  7300 | D:8      | Killed Grum the swamp drake
  7301 | D:8      | Reached skill level 9 in Armour
  7308 | D:8      | Reached skill level 4 in Fighting
  7474 | D:8      | HP: 5/78 [very large slime creature (53)]
  8138 | D:8      | Noticed Maurice
  8150 | D:8      | Killed Maurice
  8151 | D:8      | Reached skill level 5 in Fighting
  8151 | D:8      | Reached skill level 16 in Axes
  8151 | D:8      | Reached skill level 8 in Invocations
  8151 | D:8      | Reached XP level 11. HP: 86/86 MP: 15/17
  8415 | D:9      | Noticed a two-headed ogre
  8589 | D:9      | Killed a two-headed ogre
  8729 | D:9      | Noticed Joseph
  8738 | D:9      | Killed Joseph
  8900 | D:9      | Found a staircase to the Orcish Mines.
  9111 | D:9      | Reached skill level 6 in Fighting
  9128 | D:9      | Reached **** piety under Beogh
  9134 | D:9      | Reached skill level 9 in Invocations
  9135 | D:9      | Reached skill level 10 in Armour
 10046 | D:10     | Entered Level 10 of the Dungeon
 10296 | D:10     | Noticed Lodul
 10306 | D:10     | Killed Lodul
 10307 | D:10     | HP: 13/91 [ogre/+0 giant spiked club[Lodul] (13)]
 10309 | D:10     | Mangled by an ogre

Illustrated notes

Levels and vault maps discovered:
D:1:      mrwooster_arrival_statue, layout_loops_ring
D:2:      layout_basic, basic_altar, minmay_randomly_rotated_circles
D:3:      layout_rooms, hellmonk_ecumenical_altar_run_dry, serial_shops,
          nicolae_shop_bloodbath_and_beyond
D:4:      layout_basic, kennysheep_mini_moat, uniq_grinder, uniq_natasha,
          uniq_duvessa
D:5:      layout_gridville, serial_glass, glass_columns_b, glass_columns_a,
          kennysheep_small_spiral
D:6:      layout_loops_ring, kennysheep_crisscross
D:7:      layout_cave_pools, minmay_temple_entry_statues_fountains,
          enter_bailey_4, ebering_ghost_disaster_area, uniq_menkaure
D:8:      layout_basic, serial_corexii_hall, corexii_hall_statues_x,
          corexii_hall_statues_l, uniq_grum, uniq_prince_ribbit1, uniq_maurice
D:9:      layout_long_grid, erik_orc_1, uniq_joseph
D:10:     layout_long_grid, nicolae_overflow_hidden_temple,
          grunt_temple_overflow_open, david_lair_shrubbed,
          nicolae_lava_and_water, grunt_ministairs_1, uniq_lodul

Skill      XL: |  1  2  3  4  5  6  7  8  9 10 11 |
---------------+----------------------------------+-----
Armour         | 1 2 3 4 5 6 8 9 10 | 10.2
Axes           | 5 6 8 10 12 14 16 | 16.6
Invocations    | 2 6 8 9 |  9.5
Fighting       | 5 6 |  6.8
Dodging        | |  2.4

Action                     |  1- 3 |  4- 6 |  7- 9 | 10-12 || total
---------------------------+-------+-------+-------+-------++-------
  Melee: Hand axe          |    75 |       |       |       ||    75
         War axe           |    21 |    71 |   254 |       ||   346
         Broad axe         |       |       |       |   235 ||   235
 Invoke: Convert to Beogh  |       |       |     1 |       ||     1
         Smiting           |       |       |       |     5 ||     5
  Evoke: Wand              |       |       |     4 |     5 ||     9
    Use: Scroll            |       |    13 |     4 |    10 ||    27
         Potion            |       |     1 |     1 |     5 ||     7
   Stab: Confused          |       |       |       |     1 ||     1
         Distracted        |       |       |       |     2 ||     2
 Armour: Ring mail         |    30 |    15 |    86 |    85 ||   216
         Skin              |       |    44 |       |       ||    44
  Dodge: Dodged            |    52 |    31 |   125 |   129 ||   337

Levels and vault maps discovered:
D:1:      mrwooster_arrival_statue, layout_loops_ring
D:2:      layout_basic, basic_altar, minmay_randomly_rotated_circles
D:3:      layout_rooms, hellmonk_ecumenical_altar_run_dry, serial_shops,
          nicolae_shop_bloodbath_and_beyond
D:4:      layout_basic, kennysheep_mini_moat, uniq_grinder, uniq_natasha,
          uniq_duvessa
D:5:      layout_gridville, serial_glass, glass_columns_b, glass_columns_a,
          kennysheep_small_spiral
D:6:      layout_loops_ring, kennysheep_crisscross
D:7:      layout_cave_pools, minmay_temple_entry_statues_fountains,
          enter_bailey_4, ebering_ghost_disaster_area, uniq_menkaure
D:8:      layout_basic, serial_corexii_hall, corexii_hall_statues_x,
          corexii_hall_statues_l, uniq_grum, uniq_prince_ribbit1, uniq_maurice
D:9:      layout_long_grid, erik_orc_1, uniq_joseph
D:10:     layout_long_grid, nicolae_overflow_hidden_temple,
          grunt_temple_overflow_open, david_lair_shrubbed,
          nicolae_lava_and_water, grunt_ministairs_1, uniq_lodul

Table legend: (Time is in decaauts)
 A = Elapsed time spent in this place.
 B = Non-inter-level travel time spent in this place.
 C = Inter-level travel time spent in this place.
 D = Time resting spent in this place.
 E = Time spent auto-exploring this place.
 F = Levels seen in this place.
 G = Mean time per level.
                   A        B        C        D        E       F      G
               +--------+--------+--------+--------+--------+-----+--------+
         Total |  10227 |   9876 |    351 |   1441 |   6949 |  11 |  929.7 |
       Dungeon |   9502 |   9151 |    351 |   1199 |   6726 |  10 |  950.2 |
        Bailey |    725 |    725 |      0 |    242 |    222 |   1 |  725.0 |
               +--------+--------+--------+--------+--------+-----+--------+

Top non-repeatable levels by time:
     D:9: 1448 daAuts
     D:8: 1307 daAuts
     D:4: 1275 daAuts
     D:5: 1128 daAuts
     D:2: 1112 daAuts
     D:7: 912 daAuts
     D:6: 837 daAuts
  Bailey: 725 daAuts
     D:1: 662 daAuts
     D:3: 562 daAuts
    D:10: 257 daAuts

Table legend:
 A = Kills in this place as a percentage of kills in the entire game.
 B = Kills by you in this place as a percentage of kills by you in the entire game.
 C = Kills by friends in this place as a percentage of kills by friends in the entire game.
 D = Other kills in this place as a percentage of other kills in the entire game.
 E = Experience gained in this place as a percentage of experience gained in the entire game.
 F = Experience gained in this place divided by the number of levels of this place that you have seen.
                   A       B       C       D       E      F
               +-------+-------+-------+-------+-------+----------------------
         Total | 100.0 | 100.0 | 100.0 |   N/A | 100.0 | 1365.6
       Dungeon |  91.6 |  90.5 | 100.0 |   N/A |  81.7 | 1226.6
        Bailey |   8.4 |   9.5 |   0.0 |   N/A |  18.3 | 2756.0
               +-------+-------+-------+-------+-------+----------------------
